 Dungeon Crawl Stone Soup version 0.23.1 (webtiles) character file.

Game seed: 12686547297716523610

69 Revguard the Magician (level 4, -1/34 HPs)
             Began as a Draconian Wanderer on Mar 3, 2019.
             Slain by a worm (12 damage)
             ... on level 2 of the Dungeon.
             The game lasted 00:07:13 (2317 turns).

Revguard the Magician (Draconian Wanderer)          Turns: 2317, Time: 00:07:14

Health: -1/34      AC:  6    Str: 12    XL:     4   Next: 2%
Magic:  1/10       EV: 11    Int: 13    God:
Gold:   116        SH:  0    Dex: 13    Spells: 9/12 levels left

rFire    . . .     SeeInvis .   d - +0 club
rCold    . . .     Gourm    .   (no shield)
rNeg     . . .     Faith    .   (armour unavailable)
rPois    .         Spirit   .   (helmet restricted)
rElec    .         Reflect  .   k - +0 cloak
rCorr    .         Harm     .   (no gloves)
MR       .....                  (no boots)
Stlth    +.........             (no amulet)
HPRegen  0.11/turn              (no ring)
MPRegen  0.12/turn              (no ring)

@: very slightly contaminated, heavily drained
A: unfitting armour, cold-blooded, AC +5
a: no special abilities


You were on level 2 of the Dungeon.
You were very hungry.

You visited 1 branch of the dungeon, and saw 2 of its levels.

You collected 116 gold pieces.

Inventory:

Hand Weapons
 d - a +0 club (weapon)
Armour
 k - a +0 cloak (worn)
Jewellery
 n - an uncursed amulet of harm
Scrolls
 e - 2 scrolls of fog {unknown}
 g - 2 scrolls of random uselessness {unknown}
 h - a scroll of magic mapping {unknown}
 i - 3 scrolls of identify {unknown}
 j - 2 scrolls of blinking {unknown}
 m - a scroll of amnesia {unknown}
 o - a scroll of teleportation {unknown}
 p - 2 scrolls of remove curse {unknown}
Potions
 c - a potion of degeneration {unknown}
 l - a potion of haste {unknown}
Comestibles
 f - 3 rations


   Skills:
 + Level 0.6(0.0) Fighting
 + Level 0.8(0.0) Maces & Flails
 + Level 0.2(0.0) Dodging
 + Level 1.0(0.0) Stealth
   Level 1.0(0.0) Shields
 + Level 4.7(3.5) Spellcasting
 + Level 1.0(0.0) Conjurations
 + Level 1.0(0.0) Ice Magic
 + Level 2.5(1.4) Air Magic
   Level 1.0(0.0) Poison Magic


You had 9 spell levels left.
You knew the following spells:

 Your Spells              Type           Power        Failure   Level  Hunger
a - Shock                 Conj/Air       #...         16%         1    #......
b - Throw Frost           Conj/Ice       #.....       32%         2    ##.....

Your spell library contained the following spells:

 Spells                   Type           Power        Failure   Level  Hunger
 Apportation              Tloc           #.....       22%         1    #......
 Freeze                   Ice            #...         22%         1    #......
 Static Discharge         Conj/Air       #.......     43%         3    ###....
 Lesser Beckoning         Tloc           #.........   54%         3    ###....
 Ozocubu's Armour         Chrm/Ice       #.......     54%         3    ###....
 Summon Ice Beast         Ice/Summ       #.......     91%         4    #####..
 Throw Icicle             Conj/Ice       #.......     91%         4    #####..


Dungeon Overview and Level Annotations

Branches:
Dungeon (2/15)

Altars:


Innate Abilities, Weirdness & Mutations

Your plain brown scales are hard. (AC +5)
You cannot fit into any form of body armour.
You are cold-blooded and may be slowed by cold attacks.


Message History

The worm is almost dead.
The worm bites you.
You barely miss the worm. You tail-slap the worm.
The worm is almost dead.
The worm bites you.
You hit the worm.
The worm is almost dead.
You hit the worm but do no damage.
The worm is almost dead.
The worm closely misses you.
You hit the worm but do no damage.
The worm is almost dead.
The worm bites you.
You barely miss the worm.
The worm is severely wounded.
The worm misses you.
You hit the worm but do no damage.
The worm is severely wounded.
The worm bites you!
You die...

#.#
########.#..........#
#......#รท#.........)#
#)####.#.#..........#
#......(.#..........#
######.###...)......#
#.# #..........#
#.###.......%..#
#..@w.........[#
#####.).)......#
#.....##.........
#.###. #......... #.
#......... #.
..(.......
####w........
....<..... ........w.


You could see a worm.

Vanquished Creatures
  3 adders (D:2)
  2 worms (D:2)
  2 leopard geckos (D:1)
  A bat (D:2)
  3 giant cockroaches
  A goblin (D:2)
  6 hobgoblins
  3 jackals (D:2)
  4 kobolds
  A quokka (D:2)
  A ball python (D:1)
  3 frilled lizards
  4 rats (D:2)
34 creatures vanquished.

Notes
Turn   | Place    | Note
-------+----------+-------------------------------------------
     0 | D:1      | Revguard the Draconian Wanderer began the quest for the
                  | Orb.
     0 | D:1      | Revguard set off with the following items: a +0 club, a
                  | ration; and the following spells available to memorise:
                  | Freeze, Shock, Apportation, Throw Frost, Static Discharge,
                  | Ozocubu's Armour, Lesser Beckoning, Summon Ice Beast, Throw
                  | Icicle
     0 | D:1      | Reached XP level 1. HP: 14/14 MP: 5/5
     3 | D:1      | Learned a level 1 spell: Shock
   216 | D:1      | Reached XP level 2. HP: 12/20 MP: 2/7
   758 | D:1      | Learned a level 2 spell: Throw Frost
  1808 | D:2      | Reached XP level 3. HP: 22/26 MP: 0/9
  1947 | D:2      | Reached skill level 1 in Conjurations
  2034 | D:2      | Reached XP level 4. HP: 4/34 MP: 1/10
  2317 | D:2      | Slain by a worm

Skill      XL: |  1  2  3 |
---------------+----------+-----
Conjurations   | 1 |  1.0
Fighting       | |  0.6
Maces & Flails | |  0.8
Dodging        | |  0.2
Stealth        | |  1.0
Shields        | |  1.0
Spellcasting   | |  4.7
Ice Magic      | |  1.0
Air Magic      | |  2.5
Poison Magic   | |  1.0

Action                   |  1- 3 |  4- 6 || total
-------------------------+-------+-------++-------
Melee: Club              |    66 |    15 ||    81
       Tailslap          |     2 |     2 ||     4
 Cast: Shock             |    45 |     8 ||    53
       Throw Frost       |     6 |       ||     6
  Use: Potion            |     2 |       ||     2
 Stab: Invisible         |     1 |       ||     1
  Eat: Chunk             |     4 |       ||     4
Armor: Skin              |    25 |     2 ||    27
Dodge: Dodged            |    59 |     6 ||    65
